 Dungeon Crawl Stone Soup version 0.29.1-13-g9f3cf754e1 (webtiles) character file.

Game seed: 3815911350427143602

210 Thatpatchoflichen the Chopper (level 5, -1/48 HPs)
             Began as a Hill Orc Gladiator on Jan 29, 2023.
             Slain by an orc wizard
             ... wielding a +0 dagger
              (3 damage)
             ... on level 4 of the Dungeon.
             The game lasted 00:05:54 (3578 turns).

Thatpatchoflichen the Chopper (Hill Orc Gladiator)  Turns: 3578, Time: 00:05:55

Health: -1/48      AC:  5    Str: 17 (19) XL:     5   Next: 88%
Magic:  5/5        EV: 11    Int: 11 (12) God:
Gold:   103        SH:  0    Dex:  9 (12) Spells: 4/4 levels left

rFire   . . .      SeeInvis .   a - +0 war axe
rCold   . . .      Faith    .   (no shield)
rNeg    . . .      Spirit   .   r - +1 leather armour of the Stag {-Tele rPois Will++ Int+4}
rPois   +          Reflect  .   c - +0 helmet
rElec   .          Harm     .   (no cloak)
rCorr   .          Rampage  .   (no gloves)
Will    ++...      NoTele   +   (no boots)
Stlth   +.........              (no amulet)
HPRegen 0.16/turn               (no ring)
MPRegen 0.09/turn               (no ring)

@: no status effects
A: no striking features
a: no special abilities


You were on level 4 of the Dungeon.
You visited 1 branch of the dungeon, and saw 4 of its levels.

You collected 103 gold pieces.

Inventory:

Hand Weapons
 a - a +0 war axe (weapon)
Missiles
 d - 3 throwing nets (quivered)
 e - a javelin
 s - 2 poisoned darts
Armour
 b - a +0 leather armour
 c - a +0 helmet (worn)
 h - a +0 chain mail
 o - a +0 chain mail
 r - the +1 leather armour of the Stag (worn) {-Tele rPois Will++ Int+4}
   (You found it on level 2 of the Dungeon)

   Int:       It affects your intelligence (+4).
   rPois:     It protects you from poison.
   -Tele:     It prevents most forms of teleportation.
   Will:      It greatly increases your willpower.
 t - a +0 plate armour
Scrolls
 g - 2 scrolls of immolation {unknown}
 i - a scroll of amnesia {unknown}
 l - 5 scrolls of teleportation {unknown}
 m - 3 scrolls of identify {unknown}
 p - a scroll of magic mapping {unknown}
 q - a scroll of acquirement {unknown}
Potions
 f - a potion of degeneration
 j - a potion of lignification {unknown}
 k - a potion of brilliance {unknown}
 n - a potion of might {unknown}


   Skills:
 * Level 5.3 Fighting
 + Level 5.4 Axes
 - Level 1.7 Throwing
 + Level 2.7 Armour
 - Level 2.4 Dodging


You had 4 spell levels left.
You didn't know any spells.
Your spell library contained the following spells:

 Spells                   Type           Power      Damage    Failure   Level
 Sting                    Tmut/Pois      0%         1d3       38%         1
 Corpse Rot               Necr/Pois/Air  0%         N/A       99%         4
 Alistair's Intoxication  Tmut/Pois      0%         N/A       100%        5
 Fireball                 Conj/Fire      0%         3d3       100%        5


Dungeon Overview and Level Annotations

Branches:
Dungeon (4/15)
 Temple: D:4-7

Altars:
Kikubaaqudgha

Shops:
D:3 (

Portals:
Ossuary: D:4


Message History

* * * LOW HITPOINT WARNING * * *
You closely miss something. Something hits you.
* * * LOW HITPOINT WARNING * * *
You hit something.
Reactivating autopickup.
You feel a bit more experienced.
Deactivating autopickup; reactivate with Ctrl-A.
You closely miss something.
You hear some strange, mumbled words.
A puff of flame appears from out of thin air!
The puff of flame misses you.
You miss something. Something hits you but does no damage. Something hits you.
* * * LOW HITPOINT WARNING * * *
You barely miss something. Your punch misses something.
Something hits you but does no damage.
It was a potion of degeneration.
There was something very wrong with that liquid.
You feel weakened.
You feel dopey.
You feel clumsy. Something hits you.
* * * LOW HITPOINT WARNING * * *
You closely miss something.
You hear the slow hiss of an avalanche of sand very nearby.
Something hits you but does no damage.
You barely miss something. Something hits you but does no damage.
You closely miss something. Something hits you but does no damage.
You hear some strange, mumbled words.
A magic dart appears from out of thin air!
The magic dart hits you but does no damage.
You miss something. Something hits you but does no damage.
You hit something. Something hits you but does no damage.
You barely miss something. Something hits you.
* * * LOW HITPOINT WARNING * * *
You hit something but do no damage.
An orc wizard appears from thin air!
Reactivating autopickup.
The orc wizard hits you but does no damage.
You hit the orc wizard.
The orc wizard is moderately wounded.
The orc wizard closely misses you.
The orc wizard hits you with a +0 dagger.
You die...

#.#### #.# ### #.# #..
#.# #.# #.# #.# #.#
#.# ### #.####.##
##.##
#.......####...##
######...@ooo...#####.
##.####....8..... #.#
##......#.. #.#
#.8.∩.8# #.. .......#
### ##...8..# #.######
#.# #.


You could see an orc wizard and 2 orcs.

Vanquished Creatures
  An orc priest (D:3)
  Jessica (D:2)
  Ijyb (D:4)
  An orc wizard (D:4)
  Robin (D:2)
  3 adders
  A worm (D:2)
  2 orcs
  7 bats
  An endoplasm (D:3)
  2 giant cockroaches (D:2)
  15 goblins
  7 hobgoblins
  6 kobolds
  2 quokkas
  7 ball pythons
  3 frilled lizards
  3 rats
64 creatures vanquished.

Vanquished Creatures (others)
  4 plants (D:1)
4 creatures vanquished.

Grand Total: 68 creatures vanquished

Notes
Turn   | Place    | Note
-------+----------+-------------------------------------------
     0 | D:1      | Thatpatchoflichen the Hill Orc Gladiator began the quest
                  | for the Orb.
     0 | D:1      | Reached XP level 1. HP: 18/18 MP: 1/1
   151 | D:1      | Reached XP level 2. HP: 22/25 MP: 2/2
   428 | D:1      | Reached skill level 1 in Armour
   792 | D:1      | Reached XP level 3. HP: 10/31 MP: 3/3
  1926 | D:2      | Reached XP level 4. HP: 34/40 MP: 4/4
  2002 | D:2      | Noticed Robin
  2022 | D:2      | Killed Robin
  2272 | D:2      | Identified the +1 leather armour of the Stag {-Tele rPois
                  | Will++ Int+4}
  2397 | D:2      | Noticed Jessica
  2411 | D:2      | Killed Jessica
  2619 | D:3      | Reached skill level 5 in Axes
  2619 | D:3      | Reached XP level 5. HP: 31/47 MP: 5/5
  2840 | D:3      | Found Hatowkaf's Weapon Boutique.
  3060 | D:3      | Found a faded altar of an unknown god.
  3065 | D:3      | Found an ancient bone altar of Kikubaaqudgha.
  3438 | D:4      | Noticed Ijyb
  3476 | D:4      | Killed Ijyb
  3477 | D:4      | Reached skill level 5 in Fighting
  3497 | D:4      | Got the Precepts of the Cobbler
  3534 | D:4      | Found a sand-covered staircase.
  3570 | D:4      | HP: 2/48 [something (2)]
  3576 | D:4      | HP: 1/48 [something (2)]
  3578 | D:4      | Slain by an orc wizard

Illustrated notes

Levels and vault maps discovered:
D:1:      minmay_arrival_four_loops, layout_loops_ring, serial_bayou_lake_a
D:2:      layout_basic, uniq_jessica, uniq_robin
D:3:      layout_basic, nicolae_overflow_ecumenical_swirl, serial_shops, shop
D:4:      cheibrodos_thug_alley, layout_loops_ring, minitemple,
          nicolae_ossuary_entry_monument, uniq_ijyb

Skill      XL: |  1  2  3  4  5 |
---------------+----------------+-----
Fighting       | 3 4 5 |  5.3
Armour         | 1 2 |  2.7
Axes           | 5 |  5.4
Throwing       | |  1.7
Dodging        | |  2.4

Action                   |  1- 3 |  4- 6 || total
-------------------------+-------+-------++-------
Melee: War axe           |    87 |   132 ||   219
       Punch             |       |     1 ||     1
  Use: Potion            |       |     1 ||     1
Armor: Leather armour    |    57 |    42 ||    99
Dodge: Dodged            |   124 |    76 ||   200
